 Dungeon Crawl Stone Soup version 0.17.1-3-g152610e (webtiles) character file.

59 Gargoyl the Skirmisher (level 3, 0/29 HPs)
             Began as a Demonspawn Abyssal Knight on Mar 24, 2016.
             Was a Follower of Lugonu.
             Succumbed to an adder's poison
             ... on level 2 of the Dungeon.
             The game lasted 00:02:31 (2058 turns).

Gargoyl the Skirmisher (Demonspawn Abyssal Knight)  Turns: 2058, Time: 00:02:32

Health: 0/29       AC:  8    Str: 13    XL:     3   Next: 78%
Magic:  5/5        EV:  6    Int: 13    God:    Lugonu [*.....]
Gold:   96         SH:  0    Dex: 12    Spells: 0 memorised, 2 levels left

rFire  . . .     SeeInvis .     a - +1 hand axe
rCold  . . .     Clarity  .     m - +0 chain mail
rNeg   . . .     SustAt   .     (no shield)
rPois  .         Gourm    .     (helmet restricted)
rElec  .         Spirit   .     (no cloak)
rCorr  .         Warding  .     (no gloves)
rMut   .         Stasis   .     (no boots)
MR     .....                    (no amulet)
Stlth  ..........               (no ring)
                                (no ring)

@: lethally poisoned (0 -> -7), not resistant to hostile enchantments, extremely
unstealthy
A: horns 1, rot immunity
a: Depart the Abyss, Renounce Religion


You were on level 2 of the Dungeon.
You worshipped Lugonu.
Lugonu was aware of your devotion.
You were not hungry.

You visited 1 branch of the dungeon, and saw 2 of its levels.
You visited the Abyss 1 time.

You collected 96 gold pieces.

Inventory:

Hand Weapons
 a - a +1 hand axe (weapon)
Armour
 m - a +0 chain mail (worn)
Scrolls
 d - 3 scrolls of identify {unknown}
 e - a scroll of teleportation {unknown}
 i - a scroll of remove curse {unknown}
 l - a scroll of immolation {unknown}
 n - a scroll of recharging {unknown}
 p - a scroll of magic mapping {unknown}
Potions
 f - a potion of heal wounds {unknown}
 g - 3 potions of might {unknown}
 j - a potion of flight {unknown}
 k - a potion of curing {unknown}
 o - a potion of magic {unknown}
Comestibles
 b - 5 chunks of flesh
 c - 3 bread rations
 h - a slice of pizza


   Skills:
 + Level 3.6 Fighting
 + Level 2.2 Axes
 + Level 2.1 Armour
 + Level 1.5 Dodging
 + Level 0.2 Stealth
 + Level 3.1 Invocations


You had 2 spell levels left.
You didn't know any spells.

Dungeon Overview and Level Annotations

Branches:
Dungeon (2/15)

Altars:


Innate Abilities, Weirdness & Mutations

You have a pair of small horns on your head.
You are immune to rotting.


Message History

You feel sick. The adder bites you but does no damage.
The adder barely misses you.
You closely miss the adder.
The adder is lightly wounded.
* * * LOW HITPOINT WARNING * * *
You feel sick. The adder bites you but does no damage.
You slash the adder!
The adder is severely wounded.
* * * LOW HITPOINT WARNING * * *
You feel sick. The adder bites you.
* * * LOW HITPOINT WARNING * * *
The adder barely misses you.
You hit the adder.
You kill the adder!
Lugonu accepts your kill.
* * * LOW HITPOINT WARNING * * *
You feel sick.
* * * LOW HITPOINT WARNING * * *
You feel sick.
You die...

#####.........#####
#.........)........
#.###.........####.
#########.##..........##
.....................?.#
######.####.............
#.# ##..........###
#####.#####..........#
#.............@......#
#.########...##.####.#
#.# #.<. ... .. ###.#
#... ..... #...# #...
.####.# #.### #.. ## #
#.# #. #.# #.#


There were no monsters in sight!

Vanquished Creatures
  An adder (D:2)
  2 worms
  A giant gecko (D:1)
  2 giant cockroaches (D:1)
  6 goblins
  5 hobgoblins (D:1)
  7 jackals
  5 kobolds
  5 bats
  A giant newt (D:2)
  4 rats
39 creatures vanquished.

Notes
Turn   | Place    | Note
--------------------------------------------------------------
     0 | Abyss:1  | Gargoyl the Demonspawn Abyssal Knight began the quest for the Orb.
     0 | Abyss:1  | Reached XP level 1. HP: 18/18 MP: 2/2
    33 | Abyss:1  | Found a corrupted altar of Lugonu.
    71 | Abyss:1  | Noticed a small abomination
    77 | D:1      | Escaped the Abyss
   374 | D:1      | Gained mutation: You have a pair of small horns on your head. [demonic ancestry]
   374 | D:1      | Reached XP level 2. HP: 20/24 MP: 4/4
   435 | D:1      | Reached * piety under Lugonu
   834 | D:1      | Reached skill level 1 in Dodging
   905 | D:1      | Gained mutation: You are immune to rotting. [demonic ancestry]
   905 | D:1      | Reached XP level 3. HP: 4/29 MP: 5/5
  2054 | D:2      | HP: 1/29 [poisoned by an adder]
  2058 | D:2      | Succumbed to an adder's poison

Action                   || total
-------------------------++-------
Melee: Hand axe          ||   154
Invok: Depart the Abyss  ||     1
  Eat: Chunk             ||     4
